 Dungeon Crawl Stone Soup version 0.21.1-1-g345015fe64 (webtiles) character file.

548 RepoMan the Ruffian (level 7, 57/57 HPs)
             Began as a Purple Draconian Transmuter on July 6, 2018.
             Got out of the dungeon alive.
             The game lasted 00:20:22 (4660 turns).

RepoMan the Ruffian (Purple Draconian Transmuter)   Turns: 4660, Time: 00:20:23

Health: 57/57      AC:  8    Str: 14    XL:     7   Next: 7%
Magic:  13/13      EV: 12    Int: 13    God:
Gold:   196        SH:  0    Dex: 12    Spells: 8/14 levels left

rFire    . . .     SeeInvis .     - Unarmed
rCold    . . .     Gourm    .   (no shield)
rNeg     . . .     Faith    .   (armour unavailable)
rPois    .         Spirit   .   (helmet restricted)
rElec    .         Reflect  .   (no cloak)
rCorr    .         Harm     .   h - +0 pair of gloves
MR       +....                  q - +0 pair of boots
Stlth    +.........             (no amulet)
HPRegen  0.19/turn              (no ring)
MPRegen  0.13/turn              (no ring)

@: no status effects
A: breathe power, unfitting armour, cold-blooded, AC +6
a: Breathe Dispelling Energy


You escaped.
You were not hungry.

You visited 1 branch of the dungeon, and saw 5 of its levels.

You collected 196 gold pieces.

Inventory:

Missiles
 a - 36 arrows
Armour
 h - a +0 pair of gloves (worn)
 q - a +0 pair of boots (worn)
Jewellery
 n - an uncursed ring of flight {unknown}
Scrolls
 d - 6 scrolls of identify {unknown}
 e - 2 scrolls of fog {unknown}
 g - 5 scrolls of teleportation {unknown}
 k - a scroll of remove curse {unknown}
 l - 2 scrolls of amnesia {unknown}
 p - a scroll of immolation {unknown}
 r - a scroll of magic mapping {unknown}
 u - a scroll of noise {unknown}
 v - a scroll of enchant armour {unknown}
Potions
 f - a potion of brilliance {unknown}
 i - a potion of cancellation {unknown}
 j - 2 potions of magic {unknown}
 m - a potion of flight {unknown}
 o - a potion of haste {unknown}
 s - a potion of curing {unknown}
 t - a potion of berserk rage {unknown}
Books
 b - a book of Changes

   Spells                             Type                      Level
   a - Beastly Appendage              Transmutation                1
   b - Sticks to Snakes               Transmutation                2
   c - Spider Form                    Transmutation/Poison         3
   d - Ice Form                       Ice/Transmutation            4
   e - Blade Hands                    Transmutation                5
Comestibles
 c - 4 rations


   Skills:
 + Level 3.3 Fighting
 - Level 1.7 Dodging
 * Level 5.2 Unarmed Combat
 + Level 4.1 Spellcasting
 * Level 4.7 Transmutations


You had 8 spell levels left.
You knew the following spells:

 Your Spells              Type           Power        Failure   Level  Hunger
a - Beastly Appendage     Tmut           ##....       3%          1    None
c - Spider Form           Tmut/Pois      #.........   24%         3    ###....
s - Sticks to Snakes      Tmut           ##......     4%          2    ##.....


Dungeon Overview and Level Annotations

Branches:
Dungeon (5/15)
 Temple: D:4-7

Altars:
Fedhas
Gozag
Nemelex Xobeh
Okawaru
Ru
Trog
Vehumet

Shops:
D:5 (


Innate Abilities, Weirdness & Mutations

You can breathe bolts of dispelling energy.
Your rich purple scales are hard. (AC +6)
You cannot fit into any form of body armour.
You are cold-blooded and may be slowed by cold attacks.


Message History

There is an open door here.
There is a stone staircase leading up here.
You climb upwards.
There is a stone staircase leading down here.
You see here a poisoned needle.
You see here a poisoned needle.
Things that are here:
a scale mail; a morningstar
There is a stone staircase leading up here.
You see here a flail.
You climb upwards.
There is a stone staircase leading down here.
There is a stone staircase leading up here.
You climb upwards.
There is a stone staircase leading down here.
You enter the shallow water.
Moving in this stuff is going to be slow.
There is a staircase leading out of the dungeon here.
Are you sure you want to leave the Dungeon?
This will make you lose the game!
You have escaped!

#####.##...# #.######.....
#..#######.## ####..##..#.#
#####....####...####....##..#.#
##...##.....#..≈..#.....#.......
##.....#8..≈....≈....≈..8###.....
#......##...≈..≈≈≈..≈...## #....#
.......#.....≈≈≈≈≈≈≈.....###.....
...........≈≈≈≈...≈≈≈≈....##....#
.........≈≈≈≈≈..@..≈≈≈≈≈..##....)
...........≈≈≈≈...≈≈≈≈.......#...
.......#.....≈≈≈≈≈≈≈.....#.......
.##...###.).≈..≈≈≈..≈...##...####
.###.###8..≈....≈....≈..8##.##
.###.###.....#..≈..#.....##.#
.....##....####...####....#.#
.######..#######.#######..#># .#
####............#####.#


There were no monsters in sight!

Vanquished Creatures
  2 ogres (D:4)
  A hound (D:4)
  2 orc priests
  3 orc wizards
  Terence (D:2)
  4 adders
  An ooze (D:3)
  4 dart slugs
  2 leopard geckos
  22 orcs
  7 bats
  3 giant cockroaches (D:2)
  7 goblins
  2 hobgoblins (D:3)
  7 jackals
  4 kobolds
  A quokka (D:2)
  2 ball pythons
  4 frilled lizards
  5 rats
84 creatures vanquished.

Vanquished Creatures (collateral kills)
  An orc priest (D:3)
  Jessica (D:2)
  A worm (D:2)
3 creatures vanquished.

Grand Total: 87 creatures vanquished

Notes
Turn   | Place    | Note
-------+----------+-------------------------------------------
     0 | D:1      | RepoMan the Draconian Transmuter began the quest for the Orb.
     0 | D:1      | Reached XP level 1. HP: 16/16 MP: 3/3
   120 | D:1      | Reached XP level 2. HP: 18/23 MP: 3/5
   129 | D:1      | Learned a level 2 spell: Sticks to Snakes
   929 | D:2      | Reached XP level 3. HP: 28/28 MP: 6/6
   956 | D:2      | Noticed Jessica
   963 | D:2      | Killed Jessica
  1020 | D:2      | Found an opulent altar of Gozag.
  1024 | D:2      | Noticed Terence
  1048 | D:2      | Killed Terence
  1048 | D:2      | Reached XP level 4. HP: 33/36 MP: 4/7
  1077 | D:2      | Learned a level 3 spell: Spider Form
  1182 | D:2      | Found a radiant altar of Vehumet.
  1908 | D:3      | Reached skill level 4 in Unarmed Combat
  2387 | D:3      | Reached XP level 5. HP: 29/41 MP: 7/9
  2663 | D:3      | Found a blossoming altar of Fedhas.
  2663 | D:3      | Found a sacrificial altar of Ru.
  3242 | D:4      | Noticed an ogre
  3258 | D:4      | Killed an ogre
  3258 | D:4      | Reached XP level 6. HP: 30/50 MP: 7/10
  3491 | D:4      | Found a sparkling altar of Nemelex Xobeh.
  3624 | D:4      | Reached skill level 5 in Unarmed Combat
  4229 | D:4      | Found a bloodstained altar of Trog.
  4230 | D:4      | Found an iron altar of Okawaru.
  4303 | D:5      | Entered Level 5 of the Dungeon
  4303 | D:5      | Found Nehustrep's Antique Weapon Boutique.
  4316 | D:5      | Your scales start taking on a rich purple colour.
  4316 | D:5      | Reached XP level 7. HP: 33/57 MP: 9/13
  4660 | D:$      | Got out of the dungeon alive.

Skill      XL: |  1  2  3  4  5  6 |
---------------+-------------------+-----
Transmutations | 3 4 |  4.7
Fighting       | 2 3 |  3.3
Unarmed Combat | 4 5 |  5.2
Spellcasting   | 3 4 |  4.1
Dodging        | |  1.7

Action                   |  1- 3 |  4- 6 |  7- 9 || total
-------------------------+-------+-------+-------++-------
Melee: Unarmed           |    80 |   194 |    14 ||   288
       Headbutt          |     6 |    25 |       ||    31
       Tailslap          |     4 |    13 |       ||    17
       Kick              |     1 |     7 |       ||     8
 Cast: Beastly Appendage |    13 |    27 |       ||    40
       Sticks to Snakes  |     3 |     6 |       ||     9
       Spider Form       |       |     4 |     1 ||     5
 Abil: Breathe Dispellin |       |       |     1 ||     1
 Stab: Sleeping          |     2 |       |       ||     2
  Eat: Chunk             |     1 |    10 |       ||    11
       Ration            |       |     1 |       ||     1
Armor: Skin              |    27 |    45 |       ||    72
Dodge: Dodged            |    42 |   102 |     7 ||   151
